 Dungeon Crawl Stone Soup version 0.18.1-48-g4cf74bf (webtiles) character file.

161859 juanjsm the Thaumaturge (level 17, -4/116 HPs)
             Began as a Gargoyle Earth Elementalist on July 2, 2016.
             Was a High Priest of Vehumet.
             Shot with an arrow by a naga sharpshooter (11 damage)
             ... on level 2 of the Snake Pit on July 6, 2016.
             The game lasted 07:52:44 (50589 turns).

juanjsm the Thaumaturge (GrEE)                     Turns: 50589, Time: 07:52:45

Health: -4/116     AC: 30    Str: 15    XL:     17   Next: 79%
Magic:  2/44       EV: 15    Int: 31    God:    Vehumet [*****.]
Gold:   908        SH:  5    Dex: 10    Spells: 8 memorised, 12 levels left

rFire  + + .     SeeInvis .     r - +3 eveningstar (protect)
rCold  . . .     Gourm    .     d - +3 leather armour
rNeg   + . .     Faith    +     n - +0 buckler
rPois  ∞         Spirit   .     y - +1 helmet {Int+3}
rElec  +         Dismiss  .     e - +0 cloak
rCorr  .         Reflect  .     s - +0 pair of gloves {archery}
SustAt .         Harm     .     o - -3 pair of boots "Oniulo Beriu" {rF++ Str+3 Stlth+} (curse)
MR     +....     Clarity  +     k - amulet of faith
Stlth  +++.......               z - ring of magical power
                                J - +5 ring of intelligence

@: flying, very slightly contaminated, somewhat resistant to hostile
enchantments, fairly stealthy
A: big wings, molten scales 1, thin metallic scales 1, clarity, negative energy
resistance 1, robust 1, screaming 1, electricity resistance, unbreathing,
petrification resistance, rot immunity, subdued magic 1, AC +12
a: Stop Flying, Renounce Religion


You were on level 2 of the Snake Pit.
You worshipped Vehumet.
Vehumet was extremely pleased with you.
You were not hungry.

You visited 7 branches of the dungeon, and saw 29 of its levels.
You also visited: Labyrinth and Volcano.

You collected 2961 gold pieces.
You spent 2053 gold pieces at shops.

Inventory:

Hand Weapons
 f - a +0 flail of protection
 r - a +3 eveningstar of protection (weapon)
Missiles
 b - 252 stones (quivered)
 w - 13 throwing nets
Armour
 d - a +3 leather armour (worn)
 e - a +0 cloak (worn)
 n - a +0 buckler (worn)
 o - the cursed -3 pair of boots "Oniulo Beriu" (worn) {rF++ Str+3 Stlth+}
   (You bought it in a shop on level 2 of the Orcish Mines)

   It affects your strength (+3).
   It greatly protects you from fire.
   It makes you more stealthy.
   It has a curse placed upon it.
 s - a +0 pair of gloves of archery (worn)
 y - a +1 helmet of intelligence (worn)
Magical Staves
 C - an uncursed staff of air {unknown}
 Z - an uncursed staff of conjuration {unknown}
Jewellery
 k - an amulet of faith (around neck)
 z - a ring of magical power (right hand)
 J - a +5 ring of intelligence (left hand)
 R - an uncursed ring of see invisible
Scrolls
 c - 7 scrolls of fog
 h - 3 scrolls of vulnerability
 j - a scroll of torment {unknown}
 m - 2 scrolls of silence
 B - 3 scrolls of amnesia
 G - a scroll of recharging
 H - a scroll of fear
 I - a scroll of teleportation
 N - a scroll of summoning {unknown}
 O - 4 scrolls of enchant weapon
 S - 3 scrolls of acquirement
 U - a scroll of magic mapping {unknown}
 V - a scroll of remove curse
Potions
 g - a potion of curing
 p - a potion of resistance
 D - 2 potions of haste
 F - a potion of agility
 W - a potion of berserk rage
 X - 2 potions of brilliance
Books
 a - a book of Alchemy

   Spells                             Type                      Level
   a - Sublimation of Blood           Necromancy                   2
   b - Ignite Poison                  Fire/Transmutation/Poison    3
   c - Petrify                        Transmutation/Earth          4
   d - Alistair's Intoxication        Transmutation/Poison         5
   e - Irradiate                      Conjuration/Transmutation    5
 l - a book of Summonings

   Spells                             Type                      Level
   a - Recall                         Summoning/Translocation      3
   b - Aura of Abjuration             Summoning                    5
   c - Summon Demon                   Summoning                    5
   d - Summon Forest                  Summoning/Translocation      5
   e - Summon Mana Viper              Hexes/Summoning              5
   f - Shadow Creatures               Summoning                    6
Miscellaneous
 i - a phial of floods (inert)
 q - a sack of spiders {used: 1}
 K - an ornate deck of wonders
 M - a plain deck of changes {Wild Magic, drawn: 1}
 T - a disc of storms
Comestibles
 t - 2 chunks of flesh
 u - 19 meat rations
 v - 14 bread rations
 L - 8 beef jerkies


   Skills:
 + Level 11.9 Fighting
 + Level 10.9 Maces & Flails
 - Level 6.8 Armour
 + Level 9.3 Dodging
 - Level 2.1 Stealth
 - Level 7.2 Shields
 * Level 14.8 Spellcasting
 * Level 5.2 Conjurations
   Level 0.7 Transmutations
 + Level 7.6 Fire Magic
 + Level 14.0 Earth Magic
 + Level 9.8 Evocations


You had 12 spell levels left.
You knew the following spells:

 Your Spells              Type           Power        Failure   Level  Hunger
a - Sandblast             Erth           ######       0%          1    None
b - Stone Arrow           Conj/Erth      ######       1%          3    None
c - Lee's Rapid Deconstr  Erth           ######....   1%          5    None
d - Inner Flame           Hex/Fire       #####...     1%          3    None
e - Bolt of Magma         Conj/Fire/Erth ######....   1%          5    None
f - Iron Shot             Conj/Erth      ######....   2%          6    ###....
g - Regeneration          Chrm/Necr      ###.......   8%          3    None
h - Delayed Fireball      Conj/Fire      N/A          56%         7    #####..


Dungeon Overview and Level Annotations

Branches:
Dungeon (11/15)            Temple (1/1) D:7            Lair (8/8) D:11
 Shoals (4/4) Lair:3        Snake (2/4) Lair:3        Slime (0/6) Lair:6
    Orc (2/2) D:10            Elf (1/3) Orc:2

Altars:
Ashenzari
Cheibriados
Dithmenos
Elyvilon
Fedhas
Gozag
Kikubaaqudgha
Makhleb
Nemelex Xobeh
Okawaru
Pakellas
Qazlal
Ru
Sif Muna
Trog
Vehumet
Xom
Yredelemnul
Zin
The Shining One
Beogh

Shops:
D:4 *   Orc:2 [[(*   Shoals:2 [


Innate Abilities, Weirdness & Mutations

You are resistant to torment.
Your stone body is resilient (AC +12).
You are immune to poison.
Your large and strong wings let you fly indefinitely.
You resist negative energy.
You are resistant to electric shocks.
You can survive without breathing.
You are immune to petrification.
You are immune to rotting.
You are partially covered in molten scales (AC +1).
You are partially covered in thin metallic scales (AC +2).
You possess an exceptional clarity of mind.
You are robust (+10% HP).
You occasionally shout uncontrollably at your foes.
Your spells are a little easier to cast, but a little less powerful.


Message History

The anaconda constricts you.
The mana viper bites you but does no damage.
You escape the anaconda's grasp.
The anaconda grabs you. The anaconda bites you!
* * * LOW HITPOINT WARNING * * *
The anaconda constricts you.
Read which item? (? for menu, Esc to quit)
Blink to where?
Press: ? - help, Dir - move target cursor, p - anaconda You escape the anaconda's grasp.
You are very lightly contaminated with residual magic.
As you read the scroll of blinking, it crumbles to dust.
The naga ritualist spits poison at you. The splash of poison misses you.
The splash of poison hits the naga sharpshooter.
The naga sharpshooter is poisoned.
The naga spits poison at you. The splash of poison hits you! You resist.
The naga sharpshooter shoots an arrow.
The arrow hits you!
You die...

..#................##. #.(.......
..##...............#####.........
#..###..............##...........
#...###.................#####...
#...###................######...
##....#.....................##...
.................<(.S..#####.....
................N......# ######
#####...........@......# #
##.#...............#
#.#....NN.........#
#.........#.......##
#.....S..###.......# #....S...#
##......# #....###.# #......##
##.(.§##### ###.....# #........#
##....#


You could see a naga sharpshooter, an anaconda, a naga ritualist, 2 mana vipers
and a naga.

Vanquished Creatures
  Kirke (Lair:3)
  A greater naga (Snake:1)
  Nessos (Lair:7)
  Snorg (Lair:3)
  A fire dragon (Volcano)
  3 merfolk javelineers
  A minotaur (Lab)
  4 merfolk impalers
  The ghost of rjaguar3 the Basher, a journeyman MiBe of Trog (Lair:2)
  An anaconda (Snake:1)
  4 catoblepae
  7 hydras
  3 merfolk avatars
  5 dancing weapons (Elf:1)
  5 merfolk aquamancers (Shoals:1)
  Erica (Lair:1)
  A deep troll shaman (Lair:8)
  6 death yaks
  4 naga sharpshooters
  A satyr (Shoals:3)
  An alligator snapping turtle (Shoals:3)
  A queen ant (Lair:8)
  3 shock serpents
  3 orc high priests (Orc:2)
  3 deep elf knights (Elf:1)
  Nergalle (Lair:4)
  10 sea snakes
  A salamander mystic (Snake:1)
  A naga ritualist (Snake:1)
  A lindwurm (Lair:8)
  2 hill giants
  5 orc knights (Orc:2)
  3 deep elf archers (Elf:1)
  28 harpies
  2 oklob plants (Lair:5)
  Pikel (D:5)
  2 mana vipers
  13 deep elf magi (Elf:1)
  4 griffons
  3 cyclopes (Shoals:3)
  5 fauns
  7 manticores
  6 orc sorcerers
  24 elephants
  7 salamanders
  23 black mambas
  5 naga magi
  6 sirens
  4 water nymphs
  A torpor snail (Lair:7)
  18 spiny frogs
  A rime drake (Lair:3)
  7 komodo dragons
  2 trolls
  A wind drake (Shoals:3)
  12 blink frogs
  48 merfolk
  A polar bear (Lair:8)
  4 snapping turtles
  An air elemental (Elf:1)
  23 water elementals
  A fire elemental (Elf:1)
  4 hogs
  8 wyverns
  A human (D:9)
  A hungry ghost (D:11)
  4 fire bats (Volcano)
  4 basilisks
  32 yaks
  2 steam dragons
  10 hippogriffs
  5 nagas
  4 wargs
  2 mottled dragons
  10 soldier ants
  19 water moccasins
  12 porcupines
  3 ice beasts
  3 black bears
  22 orc warriors
  2 sky beasts
  A necrophage (D:10)
  A phantom (D:8)
  11 ogres
  17 centaurs
  20 wolves
  23 crocodiles
  20 giant frogs
  A water moccasin zombie (D:8)
  6 scorpions
  9 wights
  5 killer bees
  5 howler monkeys
  8 crimson imps
  2 giant frog zombies
  7 jellies
  13 orc priests
  A centaur skeleton (D:9)
  6 hounds
  2 iron imps (D:6)
  24 orc wizards
  9 iguanas
  28 worker ants
  A statue (D:6)
  26 sheep
  A killer bee zombie (D:6)
  2 hound zombies
  2 hound skeletons
  A worker ant zombie (D:11)
  3 gnolls (D:3)
  7 adders
  A howler monkey skeleton (D:6)
  70 river rats
  2 shadow imps
  4 oozes (Lair:6)
  2 adder skeletons
  7 worms
  A dart slug (D:1)
  7 giant geckos
  63 orcs
  2 ball pythons (Lair:3)
  12 bats
  10 giant cockroaches
  4 hobgoblins
  4 jackals (D:6)
  5 quokkas
  A giant cockroach zombie (D:6)
  4 giant newts
  6 goblins
  A jackal skeleton (D:4)
  9 kobolds
  A quokka zombie (D:6)
  7 rats
  2 fungi
  5 plants
  A tentacle (Shoals:2)
988 creatures vanquished.

Vanquished Creatures (collateral kills)
  A deep elf knight (Elf:1)
  A deep elf mage (Elf:1)
2 creatures vanquished.

Vanquished Creatures (others)
  A merfolk aquamancer (Shoals:3)
  A harpy (Shoals:2)
  4 wyverns (Volcano)
  A mottled dragon (Volcano)
  A centaur (D:5)
  A giant frog skeleton (D:5)
  31 fungi
  55 plants
  28 tentacles
  2650 tentacle segments
2773 creatures vanquished.

Grand Total: 3763 creatures vanquished

Notes
Turn   | Place    | Note
--------------------------------------------------------------
     0 | D:1      | juanjsm the Gargoyle Earth Elementalist began the quest for the Orb.
     0 | D:1      | Reached XP level 1. HP: 10/10 MP: 3/3
   263 | D:1      | Reached XP level 2. HP: 15/15 MP: 1/5
   690 | D:1      | You fall through a shaft!
   690 | D:2      | Found a white marble altar of Elyvilon.
   697 | D:2      | Reached XP level 3. HP: 19/19 MP: 2/7
   820 | D:2      | Noticed a moth of wrath
   823 | D:2      | Found a bloodstained altar of Trog.
  1681 | D:1      | Learned a level 3 spell: Stone Arrow
  1789 | D:2      | Reached XP level 4. HP: 24/24 MP: 1/9
  2614 | D:3      | Reached XP level 5. HP: 25/28 MP: 2/10
  2733 | D:3      | Found an iron altar of Okawaru.
  2744 | D:3      | Reached skill level 5 in Earth Magic
  3364 | D:3      | Reached XP level 6. HP: 28/32 MP: 3/12
  3375 | D:3      | Learned a level 5 spell: Lee's Rapid Deconstruction
  3869 | D:4      | Found a white marble altar of Elyvilon.
  3878 | D:4      | Reached skill level 5 in Spellcasting
  3979 | D:4      | Found Peugroni's General Store.
  4017 | D:4      | Bought a potion of heal wounds for 50 gold pieces
  4017 | D:4      | Bought a potion of heal wounds for 50 gold pieces
  4228 | D:4      | Got a translucent chain mail
  4237 | D:4      | Reached XP level 7. HP: 36/36 MP: 10/15
  4244 | D:4      | Gained mutation: You are robust (+10% HP). [potion of beneficial mutation]
  4272 | D:4      | Identified the +0 chain mail of Follow the Leader {Int+5} (You found it on level 4 of the Dungeon)
  4837 | D:5      | Entered Level 5 of the Dungeon
  4848 | D:5      | Found a stormy altar of Qazlal.
  5079 | D:5      | Found a deep blue altar of Sif Muna.
  5134 | D:5      | Noticed Pikel
  5202 | D:5      | Reached skill level 1 in Armour
  5202 | D:5      | Reached skill level 1 in Shields
  5269 | D:5      | Killed Pikel
  5269 | D:5      | Reached skill level 1 in Fighting
  5269 | D:5      | Reached skill level 1 in Maces & Flails
  5269 | D:5      | Reached XP level 8. HP: 38/48 MP: 6/17
  5427 | D:5      | Found a blossoming altar of Fedhas.
  5838 | D:6      | Found an opulent altar of Gozag.
  6383 | D:6      | Found a glowing golden altar of the Shining One.
  6509 | D:6      | Found a radiant altar of Vehumet.
  6516 | D:6      | Reached XP level 9. HP: 46/53 MP: 13/19
  6763 | D:6      | Found a burning altar of Makhleb.
  6925 | D:6      | Became a worshipper of Vehumet
  6993 | D:7      | Found a staircase to the Ecumenical Temple.
  7011 | Temple   | Entered the Ecumenical Temple
  7259 | D:7      | Found a sacrificial altar of Ru.
  7659 | D:7      | Reached * piety under Vehumet
  7659 | D:7      | Offered knowledge of Freeze by Vehumet.
  7714 | D:7      | Found an oddly glowing altar of Pakellas.
  8006 | D:8      | Reached XP level 10. HP: 61/61 MP: 16/22
  8498 | D:8      | Reached ** piety under Vehumet
  8498 | D:8      | Offered knowledge of Sting by Vehumet.
  8506 | D:8      | Reached skill level 1 in Evocations
  8566 | D:8      | Found a glowing silver altar of Zin.
  8921 | D:9      | Found a shadowy altar of Dithmenos.
  8996 | D:9      | Reached skill level 5 in Shields
  9339 | D:9      | Reached skill level 5 in Armour
  9544 | D:9      | Found a deep blue altar of Sif Muna.
  9856 | D:10     | Entered Level 10 of the Dungeon
  9885 | D:10     | Noticed a hill giant
  9922 | D:10     | Offered knowledge of Searing Ray by Vehumet.
 10449 | D:9      | Reached *** piety under Vehumet
 10920 | D:10     | Offered knowledge of Inner Flame by Vehumet.
 10925 | D:10     | Learned a level 3 spell: Inner Flame
 11052 | D:10     | Killed a hill giant
 11052 | D:10     | Reached skill level 5 in Fighting
 11152 | D:10     | Found a staircase to the Orcish Mines.
 11487 | D:11     | Reached XP level 11. HP: 69/69 MP: 20/23
 11503 | D:11     | Noticed a hill giant
 11507 | D:11     | Killed a hill giant
 11507 | D:11     | Reached skill level 5 in Maces & Flails
 11557 | D:11     | Noticed a hill giant
 12133 | D:11     | Found a staircase to the Lair.
 12241 | Lair:1   | Entered Level 1 of the Lair of Beasts
 12260 | Lair:2   | Noticed rjaguar3's ghost (journeyman MiBe)
 12482 | Lair:2   | Reached **** piety under Vehumet
 12629 | Lair:2   | Got a scorched broad axe
 12681 | Lair:2   | Found a dark tunnel.
 12691 | Volcano  | Entered a volcano
 13032 | Volcano  | Noticed a salamander
 13047 | Volcano  | Offered knowledge of Bolt of Magma by Vehumet.
 13061 | Volcano  | Learned a level 5 spell: Bolt of Magma
 13114 | Volcano  | Noticed a salamander
 13221 | Volcano  | Killed a salamander
 13465 | Volcano  | Killed a salamander
 13491 | Volcano  | Reached skill level 5 in Dodging
 13557 | Volcano  | Noticed a fire dragon
 13597 | Volcano  | Killed a fire dragon
 14020 | D:11     | Noticed Erica
 14020 | D:11     | Noticed a brown ugly thing
 14062 | Lair:1   | Killed Erica
 14062 | Lair:1   | Reached XP level 12. HP: 24/77 MP: 20/25
 14320 | Lair:1   | Reached skill level 10 in Spellcasting
 14941 | Lair:1   | Noticed a six-headed hydra
 15007 | Lair:1   | Killed a six-headed hydra
 16206 | Lair:2   | Reached skill level 10 in Earth Magic
 16569 | Lair:3   | Noticed Snorg
 16577 | Lair:3   | Killed Snorg
 16929 | Lair:3   | Found a staircase to the Snake Pit.
 17049 | Lair:3   | You fall through a shaft for 2 floors!
 17168 | Lair:5   | Reached ***** piety under Vehumet
 17353 | Lair:5   | Learned a level 6 spell: Iron Shot
 17355 | Lair:5   | Noticed a six-headed hydra
 17364 | Lair:5   | Killed a six-headed hydra
 17364 | Lair:5   | Reached skill level 5 in Evocations
 17719 | Lair:3   | Reached XP level 13. HP: 55/83 MP: 9/28
 17724 | Lair:2   | Offered knowledge of Bolt of Fire by Vehumet.
 17850 | Lair:2   | Killed rjaguar3's ghost
 18297 | Lair:3   | Found a staircase to the Shoals.
 19858 | Lair:4   | Noticed Nergalle
 19973 | Lair:4   | Killed Nergalle
 20246 | Lair:5   | Found a white marble altar of Elyvilon.
 21271 | Lair:6   | Found a staircase to the Slime Pits.
 21887 | Lair:6   | Gained mutation: Your large and strong wings let you fly indefinitely. [Gargoyle growth]
 21887 | Lair:6   | Reached XP level 14. HP: 45/92 MP: 3/30
 22143 | Lair:6   | Offered knowledge of Olgreb's Toxic Radiance by Vehumet.
 22605 | Lair:2   | Identified the +5 broad axe of Fixation {chop, +Rage} (You found it on level 2 of the Lair of Beasts)
 22983 | Lair:7   | Found a labyrinth entrance.
 23015 | Lab      | Entered a labyrinth
 23837 | Lab      | Reached skill level 1 in Fire Magic
 23853 | Lab      | Got a steaming spear
 24461 | Lair:6   | Identified the +0 spear "Vuerr" {flame, *Corrode rN+ Dex+4 Stlth+} (You found it in a labyrinth)
 25581 | Lair:7   | Noticed Nessos
 25600 | Lair:7   | Killed Nessos
 25933 | Lair:8   | Entered Level 8 of the Lair of Beasts
 27380 | Lair:8   | Offered knowledge of Bolt of Draining by Vehumet.
 28756 | Lair:8   | Reached XP level 15. HP: 101/101 MP: 7/31
 29849 | Orc:1    | Entered Level 1 of the Orcish Mines
 29945 | Orc:2    | Entered Level 2 of the Orcish Mines
 30097 | Orc:2    | Found a roughly hewn altar of Beogh.
 30191 | Orc:2    | Found a staircase to the Elven Halls.
 30626 | Orc:2    | Reached skill level 10 in Fighting
 31109 | Orc:2    | Found Michein's Armour Shop.
 31432 | Orc:2    | Found Egywk's Food Boutique.
 32443 | Orc:2    | Found Vekhlo Xairo's Antique Weapon Emporium.
 32605 | Orc:2    | Found Ykufaal's Antique Armour Emporium.
 32614 | Orc:2    | Found Hoxyt's General Store.
 32674 | Orc:2    | Bought a potion of mutation for 42 gold pieces
 32674 | Orc:2    | Bought 14 stones for 23 gold pieces
 32674 | Orc:2    | Bought a scroll of amnesia for 59 gold pieces
 32674 | Orc:2    | Bought a scroll of identify for 34 gold pieces
 32676 | Orc:2    | Gained mutation: You possess an exceptional clarity of mind. [potion of mutation]
 32676 | Orc:2    | Gained mutation: Your spells are a little easier to cast, but a little less powerful. [potion of mutation]
 32676 | Orc:2    | Gained mutation: You are partially covered in thin metallic scales (AC +2). [potion of mutation]
 32680 | Orc:2    | Bought a pair of transparent boots for 256 gold pieces
 32680 | Orc:2    | Bought a pair of glowing gloves for 121 gold pieces
 32680 | Orc:2    | Bought a runed helmet for 121 gold pieces
 32690 | Orc:2    | Identified the cursed -3 pair of boots "Oniulo Beriu" {rF++ Str+3 Stlth+} (You bought it in a shop on level 2 of the Orcish Mines)
 32710 | Orc:2    | Bought a distressingly furry ring mail for 243 gold pieces
 32720 | Orc:2    | Identified the +3 ring mail of Freedom {*Confuse +Fly Int+3 Dex+4} (You bought it in a shop on level 2 of the Orcish Mines)
 32740 | Orc:2    | Bought a royal jelly for 28 gold pieces
 32740 | Orc:2    | Bought a meat ration for 70 gold pieces
 32740 | Orc:2    | Bought a meat ration for 70 gold pieces
 32740 | Orc:2    | Bought a bread ration for 70 gold pieces
 32740 | Orc:2    | Bought a bread ration for 70 gold pieces
 32740 | Orc:2    | Bought a meat ration for 70 gold pieces
 32740 | Orc:2    | Bought a beef jerky for 21 gold pieces
 32740 | Orc:2    | Bought a beef jerky for 21 gold pieces
 32740 | Orc:2    | Bought a slice of pizza for 21 gold pieces
 32740 | Orc:2    | Bought a bread ration for 70 gold pieces
 32740 | Orc:2    | Bought a beef jerky for 21 gold pieces
 32740 | Orc:2    | Bought a meat ration for 70 gold pieces
 32851 | Orc:2    | Offered knowledge of Iskenderun's Battlesphere by Vehumet.
 33004 | Elf:1    | Entered Level 1 of the Elven Halls
 33020 | Elf:1    | Reached skill level 5 in Fire Magic
 35136 | Elf:1    | Noticed a ghost moth
 35142 | Elf:1    | a ghost moth changed into an ice dragon
 35675 | Orc:2    | Bought a bread ration for 85 gold pieces
 35675 | Orc:2    | Bought a potion of curing for 51 gold pieces
 35675 | Orc:2    | Bought a bread ration for 85 gold pieces
 35677 | Orc:2    | Bought a runed leather armour for 54 gold pieces
 35687 | Orc:2    | Bought 5 fruits for 105 gold pieces
 35754 | Orc:2    | Bought a +0 cloak for 72 gold pieces
 35893 | Lair:2   | Learned a level 3 spell: Regeneration
 35930 | Shoals:1 | Entered Level 1 of the Shoals
 36123 | Shoals:1 | Reached XP level 16. HP: 107/107 MP: 5/33
 36146 | Shoals:1 | Identified 4 scrolls of acquirement
 37185 | Shoals:2 | Reached skill level 10 in Maces & Flails
 37194 | Shoals:1 | Noticed Kirke
 37594 | Shoals:1 | Noticed a kraken
 38082 | Lair:3   | Killed Kirke
 39139 | Shoals:1 | Offered knowledge of Delayed Fireball by Vehumet.
 41117 | Shoals:2 | Noticed a kraken
 41832 | Shoals:2 | Learned a level 7 spell: Delayed Fireball
 41852 | Shoals:2 | Found Qostreli's Armour Boutique.
 41927 | Shoals:3 | Reached skill level 1 in Conjurations
 42342 | Shoals:2 | Got an encrusted scale mail
 43458 | Shoals:3 | Reached XP level 17. HP: 109/114 MP: 27/35
 44717 | Shoals:4 | Entered Level 4 of the Shoals
 44778 | Shoals:4 | Got a polished ring mail
 45960 | Shoals:4 | Offered knowledge of Orb of Destruction by Vehumet.
 47980 | Snake:1  | Entered Level 1 of the Snake Pit
 49401 | Snake:2  | Reached skill level 5 in Conjurations
 49836 | Snake:1  | Identified the +5 ring mail of the Prince {*Confuse rN+++ Int+3 Dex+3} (You found it on level 4 of the Shoals)
 49846 | Snake:1  | Identified the +1 scale mail of Intercession {MR- Int+6 Slay+2} (You took it off a merfolk on level 2 of the Shoals)
 50480 | Snake:1  | Gained mutation: You occasionally shout uncontrollably at your foes. [potion of mutation]
 50480 | Snake:1  | Gained mutation: You are partially covered in molten scales (AC +1). [potion of mutation]
 50589 | Snake:2  | Shot with an arrow by a naga sharpshooter

Skill      XL: |  1  2  3  4  5  6  7  8  9 10 11 12 13 14 15 16 17 |
---------------+----------------------------------------------------+-----
Earth Magic    | 4 5 6 7 8 9 10 11 12 13 14 | 14.0
Spellcasting   | 3 4 5 6 8 9 11 12 13 14 | 14.8
Armour         | 2 3 4 5 6 |  6.8
Shields        | 2 4 5 6 7 |  7.2
Fighting       | 1 2 4 5 6 7 8 9 10 11 | 11.9
Maces & Flails | 1 2 4 6 8 9 10 | 10.9
Dodging        | 2 3 4 5 6 7 8 9 |  9.3
Evocations     | 2 3 5 6 7 8 9 |  9.8
Fire Magic     | 3 5 7 |  7.6
Conjurations   | 1 5 |  5.2
Stealth        | |  2.1
Transmutations | |  0.7

Action                   |  1- 3 |  4- 6 |  7- 9 | 10-12 | 13-15 | 16-18 || total
-------------------------+-------+-------+-------+-------+-------+-------++-------
Melee: Unarmed           |    22 |     3 |       |       |       |       ||    25
       Flail             |       |     7 |     6 |    90 |   374 |    26 ||   503
       Mace              |       |       |    10 |       |       |       ||    10
       Whip              |       |       |     9 |    19 |       |       ||    28
       Eveningstar       |       |       |       |       |       |   330 ||   330
 Cast: Sandblast         |    64 |   142 |   226 |   233 |   225 |    38 ||   928
       Stone Arrow       |       |       |     3 |   360 |   727 |   393 ||  1483
       Bolt of Magma     |       |       |       |     7 |    46 |     3 ||    56
       Lee's Rapid Decon |       |       |       |       |   104 |   229 ||   333
       Iron Shot         |       |       |       |       |     7 |    27 ||    34
       Regeneration      |       |       |       |       |       |     3 ||     3
       Inner Flame       |       |       |       |       |       |     3 ||     3
 Abil: Fly               |       |       |       |       |     1 |     2 ||     3
       Stop Flying       |       |       |       |       |     1 |     1 ||     2
Evoke: Phial of floods   |       |       |       |       |     2 |     1 ||     3
       Sack of spiders   |       |       |       |       |     1 |       ||     1
       Deck              |       |       |       |       |       |     1 ||     1
       Wand              |       |       |       |       |       |     2 ||     2
  Use: Scroll            |       |       |    11 |     6 |    14 |    13 ||    44
       Potion            |       |       |     1 |     3 |    12 |    20 ||    36
 Stab: Distracted        |       |       |       |       |     3 |     1 ||     4
       Sleeping          |       |       |       |       |     1 |     1 ||     2
  Eat: Bread ration      |     1 |       |       |       |       |     1 ||     2
       Chunk             |       |     6 |    11 |    31 |    52 |    28 ||   128
       Fruit             |       |       |       |       |    11 |     3 ||    14
       Pizza             |       |       |       |       |     2 |    10 ||    12
       Royal jelly       |       |       |       |       |     1 |       ||     1
Armor: Robe              |    22 |    30 |    66 |   147 |   521 |       ||   786
       Scale mail        |       |       |       |    32 |       |       ||    32
       Skin              |       |       |       |       |    14 |       ||    14
       Leather armour    |       |       |       |       |     1 |   689 ||   690
Dodge: Dodged            |    40 |    52 |   116 |   320 |   822 |   807 ||  2157
Block: Buckler           |       |       |       |       |     4 |   343 ||   347
